 Dungeon Crawl Stone Soup version 0.21-a0-509-gecc5317 (webtiles) character file.

385863 mortelune the Warrior (level 22, -12/200 HPs)
             Began as a Grey Draconian Fire Elementalist on Nov 29, 2017.
             Was the Champion of Vehumet.
             Mangled by a quicksilver dragon (shapeshifter) (16 damage)
             ... on level 2 of the Depths.
             The game lasted 06:50:42 (89931 turns).

mortelune the Warrior (DrFE)                       Turns: 89931, Time: 06:50:43

Health: -12/200    AC: 27    Str: 12    XL:     22   Next: 0%
Magic:  10/50      EV: 17    Int: 23    God:    Vehumet [******]
Gold:   2909       SH: 15    Dex: 13    Spells: 15/51 levels left

rFire    . . .     SeeInvis .   p - +9 demon whip (flame)
rCold    . . .     Gourm    .   Y - +2 shield
rNeg     . . .     Faith    .   (armour unavailable)
rPois    .         Spirit   .   Z - +2 hat
rElec    .         Reflect  .   z - +2 cloak
rCorr    .         Harm     .   E - +2 pair of gloves
MR       ++...                  q - +2 pair of boots
Stlth    ++........             H - amulet of magic regeneration
HPRegen  0.00/turn              W - ring of protection from magic
MPRegen  0.57/turn              w - ring of magical power

@: no status effects
A: walk through water, unfitting armour, inhibited regeneration, unbreathing,
cold-blooded, AC +16
}: 2/15 runes: serpentine, barnacled
a: Renounce Religion


You were on level 2 of the Depths.
You worshipped Vehumet.
Vehumet was exalted by your worship.
You were near starving.

You visited 9 branches of the dungeon, and saw 39 of its levels.
You also visited: Labyrinth and Desolation.

You collected 4218 gold pieces.
You spent 1309 gold pieces at shops.

Inventory:

Hand Weapons
 p - a +9 demon whip of flaming (weapon)
Armour
 q - a +2 pair of boots (worn)
 z - a +2 cloak (worn)
 E - a +2 pair of gloves (worn)
 Y - a +2 shield (worn)
 Z - a +2 hat (worn)
Magical Staves
 T - an uncursed staff of energy
Jewellery
 w - a ring of magical power (right hand)
 x - an uncursed ring of fire
 B - an uncursed ring of wizardry
 H - an amulet of magic regeneration (around neck)
 M - a +3 amulet of reflection
 R - an uncursed ring of resist corrosion
 W - a ring of protection from magic (left hand)
Wands
 g - a wand of acid (29)
 i - a wand of clouds (5)
 A - a wand of iceblast (21)
 I - a wand of random effects (17)
 L - a wand of digging (44)
 O - a wand of paralysis (22)
 X - a wand of disintegration (79)
Scrolls
 e - 3 scrolls of blinking
 f - 6 scrolls of teleportation
 m - a scroll of enchant weapon
 n - a scroll of summoning
 o - 7 scrolls of fog
 s - 12 scrolls of identify
 v - a scroll of holy word
 G - 5 scrolls of fear
 N - 3 scrolls of amnesia
 P - 3 scrolls of magic mapping
 U - a scroll of enchant armour
Potions
 c - 2 potions of berserk rage
 d - 2 potions of resistance
 h - 10 potions of curing
 j - 4 potions of mutation
 r - 3 potions of agility
 t - a potion of magic
 u - 2 potions of haste
 C - 8 potions of might
 F - 2 potions of cancellation
 J - 4 potions of invisibility
 Q - 3 potions of brilliance
 S - a potion of heal wounds
 V - a potion of flight
Miscellaneous
 a - a phantom mirror
 K - a crystal ball of energy
Comestibles
 b - 24 bread rations
 k - 14 royal jellies
 l - 22 fruits


   Skills:
 + Level 17.4 Fighting
 - Level 12.0 Maces & Flails
 + Level 9.3 Dodging
 - Level 1.7 Stealth
 - Level 15.0 Shields
 + Level 15.4 Spellcasting
 + Level 16.5 Conjurations
 + Level 16.7 Fire Magic
 - Level 9.0 Earth Magic


You had 15 spell levels left.
You knew the following spells:

 Your Spells              Type           Power        Failure   Level  Hunger
a - Iron Shot             Conj/Erth      ######....   1%          6    ####...
b - Throw Flame           Conj/Fire      ######       0%          2    None
c - Conjure Flame         Conj/Fire      #######.     0%          3    None
d - Sticky Flame          Conj/Fire      #######.     1%          4    None
e - Dazzling Spray        Conj/Hex       ######       1%          3    None
f - Fireball              Conj/Fire      #######...   1%          5    ##.....
i - Bolt of Fire          Conj/Fire      #######...   1%          6    ####...
j - Irradiate             Conj/Tmut      ######....   1%          5    ##.....
k - Blink                 Tloc           N/A          4%          2    None


Dungeon Overview and Level Annotations

Branches:
Dungeon (15/15)            Temple (1/1) D:6            Lair (6/6) D:11
 Shoals (4/4) Lair:2        Snake (4/4) Lair:2        Slime (0/5) Lair:5
    Orc (2/2) D:9             Elf (1/3) Orc:2        Vaults (4/5) D:14
  Crypt (0/3) Vaults:3     Depths (2/5) D:15

Altars:
Ashenzari
Cheibriados
Dithmenos
Elyvilon
Fedhas
Gozag
Hepliaklqana
Kikubaaqudgha
Makhleb
Nemelex Xobeh
Okawaru
Qazlal
Ru
Sif Muna
Trog
Uskayaw
Vehumet
Wu Jian
Xom
Yredelemnul
Zin
The Shining One
Beogh

Shops:
D:6 (   D:11 }   Orc:1 =   Orc:2 (*:*   Shoals:3 *   Snake:2 [   Vaults:1 (
Vaults:4 [*:   Depths:1 *

Portals:
Hell: Depths:1
Abyss: Depths:1
Pandemonium: Orc:2 Depths:1
Trove: D:14 (show abyssal rune of Zot)

Annotations:
Lair:5 exclusion: 2 oklob plants


Innate Abilities, Weirdness & Mutations

You can walk through water.
Your dull iron-grey scales are very hard. (AC +16)
You cannot fit into any form of body armour.
You can survive without breathing.
You are cold-blooded and may be slowed by cold attacks.
You do not regenerate when monsters are visible.


Message History

You are near starving!
You block the quicksilver dragon's attack. x2
Things that are here:
a battleaxe; a runed scale mail The quicksilver dragon bites you!!
* * * LOW HITPOINT WARNING * * *
You block the quicksilver dragon's attack.
You see here a robe.
The quicksilver dragon breathes dispelling energy at you.
The bolt of dispelling energy hits you!
* * * LOW HITPOINT WARNING * * *
The war gargoyle hits you with a morningstar of protection.
* * * LOW HITPOINT WARNING * * *
The war gargoyle launches metal splinters at you.
The spray of metal splinters hits you!
There is a stone staircase leading up here.
The rakshasa blinks!
The war gargoyle hits you but does no damage.
The quicksilver dragon bites you!
You die...

#.≈.#(#.......#.).#
#...#......9....#...#
######...#####...##.######
.'.......)).)).§.#...#
.#....(#)....#.≈.#.#.#
.'...........'...#...#
.#####..)#########§..#####
#...#.(.#.......)...#
#...#...#(@DR.#......#
#..9#...#..99.......##
#'#'#...#####...##.##
#...........#...# ..#
#.....#....(#.⌠.# #.# .
#...........#.(.# .#
...#####...######### .#
.......#†..# #.).#.#


You could see a quicksilver dragon shaped shifter, a rakshasa and 2 war
gargoyles.

Vanquished Creatures
  Saint Roka (Vaults:3)
  Rupert (D:15)
  A lich (Depths:1)
  A deep elf blademaster (Depths:2)
  A titan (Depths:2)
  A kraken (Shoals:1)
  3 sphinxes (Vaults:3)
  Ilsuiw (Shoals:3)
  4 tengu reavers
  2 fire giants
  A storm dragon (shapeshifter) (Depths:2)
  11 nagarajas (Snake:4)
  3 frost giants
  An iron dragon (shapeshifter) (Depths:2)
  3 deep elf sorcerers
  5 war gargoyles
  13 ironheart preservers
  2 very ugly things (Depths:1)
  A reaper (Depths:1)
  11 stone giants
  An entropy weaver (Vaults:4)
  A vampire knight (Depths:1)
  4 deep elf annihilators
  2 deep elf demonologists
  A spark wasp (Depths:2)
  A minotaur (Lab)
  A deep elf death mage (Vaults:2)
  The ghost of braks the Grappler, a journeyman TrMo of Qazlal (Lair:2)
  5 merfolk javelineers
  6 merfolk impalers
  Josephine (D:11)
  6 yaktaur captains
  3 fire dragons
  3 ettins
  The ghost of theanonym the Severer, a journeyman NaGl of Cheibriados (Lair:1)
  A ragged hierophant (Desolation)
  8 vault guards
  A servant of whispers (Desolation)
  A spriggan air mage (Depths:2)
  23 naga warriors
  2 peacekeepers (Desolation)
  3 anacondas
  Erica (Lair:2)
  5 hydras
  6 merfolk avatars
  A two-headed ogre (shapeshifter) (Depths:2)
  6 merfolk aquamancers
  11 centaur warriors
  A death knight (Vaults:4)
  15 ogre magi
  2 satyrs (Shoals:3)
  2 deep troll shamans
  11 death yaks
  61 two-headed ogres
  3 deep troll earth magi
  A tengu warrior (D:10)
  A dancing weapon (Depths:2)
  6 shock serpents
  12 naga sharpshooters
  Sonja (D:15)
  7 orc high priests (Orc:2)
  12 slime creatures
  6 deep elf knights
  A sixfirhy (Orc:2)
  10 skeletal warriors
  A titan skeleton (Depths:1)
  2 soul eaters
  6 hell knights
  2 shadow wraiths (Vaults:2)
  18 sea snakes
  2 salamander mystics
  5 deep trolls
  5 unseen horrors
  2 infernal demonspawn (Orc:2)
  3 flayed ghosts
  10 naga ritualists
  3 wizards
  14 orc knights
  5 deep elf archers
  A shadow dragon zombie (Depths:1)
  A phantasmal warrior (Vaults:4)
  13 harpies
  8 ironbrand convokers
  6 wolf spiders
  5 necromancers (Depths:1)
  13 manticores
  An orb spider (shapeshifter) (D:14)
  13 deep elf magi
  5 orc sorcerers
  10 ugly things
  7 mana vipers
  17 fauns
  20 cyclopes
  12 salamanders
  2 rust devils (Depths:1)
  25 black mambas
  8 guardian serpents
  5 elephants
  14 vault sentinels
  5 water nymphs
  18 merfolk sirens
  Joseph (D:10)
  A gargoyle (D:15)
  6 spiny frogs
  A smoke demon (Orc:2)
  19 naga magi
  3 orange demons
  4 komodo dragons
  5 freezing wraiths
  2 rime drakes
  A rime drake (shapeshifter) (Depths:1)
  2 efreet (Depths:2)
  A kobold demonologist (D:13)
  33 yaktaurs
  7 trolls
  A hellwing (Orc:2)
  A tengu conjurer (Depths:1)
  A merfolk (shapeshifter) (Depths:1)
  10 polar bears
  25 merfolk
  6 wind drakes
  2 hornets (Vaults:4)
  A hornet (shapeshifter) (Vaults:1)
  2 hippogriffs (shapeshifter) (Vaults:4)
  12 saltlings
  12 hippogriffs
  14 dream sheep
  9 snapping turtles
  A stone giant simulacrum (Depths:1)
  20 blink frogs
  2 raiju
  A deep troll zombie (Depths:1)
  An ice dragon zombie (Depths:1)
  2 redbacks (Vaults:4)
  A vampire (D:13)
  6 wyverns
  15 water elementals
  A human (shapeshifter) (Vaults:4)
  3 shadows
  38 yaks
  7 wraiths
  2 basilisks
  A human simulacrum (Vaults:4)
  6 hungry ghosts
  6 vampire mosquitoes
  11 wargs
  2 soldier ants
  71 nagas
  6 water moccasins
  An acid dragon (Vaults:2)
  14 hell hounds (Lair:6)
  9 porcupines
  A swamp drake (shapeshifter) (Vaults:2)
  A black bear (shapeshifter) (Vaults:3)
  2 ice beasts
  37 orc warriors
  2 sky beasts
  A hornet zombie (D:14)
  A necrophage (D:6)
  12 black bears
  51 ogres
  A phantom (D:5)
  An eye of draining (D:9)
  33 wolves
  27 centaurs
  11 crocodiles
  21 bullfrogs
  4 big kobolds
  A gnoll sergeant (D:9)
  5 scorpions
  A water moccasin skeleton (D:9)
  3 wights (D:12)
  9 killer bees
  An orc simulacrum (Vaults:2)
  12 howler monkeys
  7 crimson imps
  2 quasits
  6 centaur zombies
  A bullfrog zombie (D:5)
  2 jellies
  28 orc priests
  11 hounds
  6 bullfrog skeletons
  4 centaur skeletons
  4 iguanas
  Terence (D:3)
  27 orc wizards
  4 worker ants
  A killer bee zombie (D:6)
  3 hound skeletons
  A worker ant zombie (D:9)
  6 gnolls
  A howler monkey zombie (D:10)
  A howler monkey skeleton (D:11)
  15 adders
  11 shadow imps
  2 white imps (Depths:1)
  2 ufetubi (Depths:1)
  2 oozes
  2 adder zombies
  3 adder skeletons
  2 worms
  2 dart slugs
  5 leopard geckos
  112 orcs
  9 giant cockroaches
  13 goblins
  19 hobgoblins
  8 jackals
  21 kobolds
  A quokka (D:11)
  A ball python (D:4)
  4 bats
  8 frilled lizards
  6 rats
  2 fungi
  4 plants
  6 tentacles (Shoals:1)
1635 creatures vanquished.

Vanquished Creatures (others)
  A satyr (Shoals:3)
  2 fauns (Shoals:3)
  A cyclops (Shoals:3)
  A naga (Snake:4)
  An orc (Vaults:1)
  2 fire vortices (Orc:1)
  76 fungi
  78 plants
  27 tentacles (Shoals:1)
189 creatures vanquished.

Grand Total: 1824 creatures vanquished

Notes
Turn   | Place    | Note
-------+----------+-------------------------------------------
     0 | D:1      | mortelune the Draconian Fire Elementalist began the quest for the Orb.
     0 | D:1      | Reached XP level 1. HP: 14/14 MP: 3/3
   263 | D:1      | Reached XP level 2. HP: 20/20 MP: 0/5
   350 | D:1      | Learned a level 2 spell: Throw Flame
  1625 | D:2      | Found an iron altar of Okawaru.
  1657 | D:1      | Reached XP level 3. HP: 13/26 MP: 0/6
  2347 | D:2      | Learned a level 3 spell: Conjure Flame
  2475 | D:2      | Reached XP level 4. HP: 33/33 MP: 2/8
  4029 | D:3      | Noticed Terence
  4288 | D:3      | Killed Terence
  4288 | D:3      | Reached XP level 5. HP: 38/38 MP: 0/9
  5129 | D:4      | Reached XP level 6. HP: 45/45 MP: 6/11
  5429 | D:4      | Found a shadowy altar of Dithmenos.
  5693 | D:4      | Reached skill level 5 in Fire Magic
  5852 | D:4      | Reached skill level 1 in Fighting
  5852 | D:4      | Reached skill level 1 in Shields
  5852 | D:4      | Your scales start taking on a dull iron-grey colour.
  5852 | D:4      | Reached XP level 7. HP: 52/52 MP: 3/13
  5852 | D:4      | Gained mutation: You can survive without breathing. [Grey Draconian growth]
  6622 | D:5      | Entered Level 5 of the Dungeon
  6633 | D:5      | Found a sacrificial altar of Ru.
  6734 | D:5      | Reached skill level 2 in Fighting
  7427 | D:5      | You fall through a shaft!
  7431 | D:6      | Reached XP level 8. HP: 57/62 MP: 9/15
  7463 | D:6      | Reached skill level 3 in Fighting
  7615 | D:5      | Reached skill level 5 in Conjurations
  8012 | D:6      | Reached skill level 5 in Spellcasting
  8177 | D:6      | Found a staircase to the Ecumenical Temple.
  8189 | Temple   | Entered the Ecumenical Temple
  8383 | Temple   | Became a worshipper of Vehumet
  8389 | Temple   | Learned a level 4 spell: Sticky Flame
  8393 | Temple   | Learned a level 3 spell: Dazzling Spray
  9054 | D:6      | Found Cippupyo's Antique Weapon Shop.
  9526 | D:6      | Reached skill level 4 in Fighting
  9605 | D:7      | Found a deep blue altar of Sif Muna.
  9836 | D:7      | Found an opulent altar of Gozag.
 10325 | D:7      | Reached XP level 9. HP: 71/71 MP: 4/17
 10505 | D:7      | Found a shattered altar of Ashenzari.
 10506 | D:7      | Found a basalt altar of Yredelemnul.
 10972 | D:7      | Reached * piety under Vehumet
 10972 | D:7      | Offered knowledge of Shock by Vehumet.
 11110 | D:7      | Killed an unseen horror
 11110 | D:7      | Reached skill level 5 in Fighting
 12000 | D:8      | Reached skill level 6 in Fighting
 12611 | D:8      | Offered knowledge of Sting by Vehumet.
 12612 | D:8      | Reached ** piety under Vehumet
 13061 | D:8      | Reached XP level 10. HP: 83/83 MP: 2/20
 13298 | D:8      | Noticed a two-headed ogre
 13308 | D:8      | Killed a two-headed ogre
 13950 | D:9      | Learned a level 5 spell: Fireball
 13968 | D:9      | Offered knowledge of Static Discharge by Vehumet.
 13990 | D:9      | Noticed a two-headed ogre
 14110 | D:9      | Killed a two-headed ogre
 14110 | D:9      | Reached skill level 7 in Fighting
 14129 | D:9      | Noticed a two-headed ogre
 14248 | D:9      | Killed a two-headed ogre
 14434 | D:9      | Reached *** piety under Vehumet
 14979 | D:8      | Offered knowledge of Airstrike by Vehumet.
 14979 | D:8      | Reached skill level 8 in Fighting
 15672 | D:9      | Learned a level 1 spell: Sandblast
 15761 | D:9      | Found a staircase to the Orcish Mines.
 15784 | D:9      | Reached XP level 11. HP: 74/94 MP: 2/23
 16519 | D:9      | Noticed an unseen horror
 16523 | D:9      | Killed an unseen horror
 16523 | D:9      | Reached skill level 1 in Earth Magic
 16714 | D:10     | Entered Level 10 of the Dungeon
 16714 | D:10     | Noticed Joseph
 16729 | D:10     | Killed Joseph
 17235 | D:10     | Reached **** piety under Vehumet
 17468 | D:10     | Noticed a tengu warrior
 17482 | D:10     | Killed a tengu warrior
 17826 | D:11     | Noticed Josephine
 18216 | D:10     | Offered knowledge of Bolt of Magma by Vehumet.
 18226 | D:10     | Noticed an unseen horror
 18229 | D:10     | Killed an unseen horror
 18229 | D:10     | Reached skill level 5 in Shields
 18993 | D:11     | Reached skill level 9 in Fighting
 19012 | D:11     | Killed Josephine
 19729 | D:11     | Reached ***** piety under Vehumet
 19866 | D:11     | Found a staircase to the Lair.
 19945 | D:11     | Found Juticac's Gadget Shop.
 19953 | D:11     | Bought a wand of acid (7) for 286 gold pieces
 20089 | Lair:1   | Entered Level 1 of the Lair of Beasts
 20192 | Lair:1   | Noticed theanonym's ghost (journeyman NaGl)
 20469 | D:11     | Offered knowledge of Orb of Destruction by Vehumet.
 20483 | D:11     | Learned a level 7 spell: Orb of Destruction
 20561 | Lair:1   | Paralysed by fainting for 5 turns
 20589 | Lair:1   | Killed theanonym's ghost
 20589 | Lair:1   | Reached XP level 12. HP: 9/105 MP: 5/25
 21512 | Lair:2   | Noticed a seven-headed hydra
 21517 | Lair:2   | Reached skill level 10 in Fire Magic
 21604 | Lair:2   | Noticed braks's ghost (journeyman TrMo)
 21846 | Lair:2   | Found a staircase to the Snake Pit.
 22266 | Lair:2   | Killed a seven-headed hydra
 22555 | Lair:2   | Killed braks's ghost
 22839 | Lair:2   | Found a staircase to the Shoals.
 23149 | Lair:2   | Noticed Erica
 23164 | Lair:2   | Killed Erica
 23164 | Lair:2   | Reached skill level 10 in Fighting
 23164 | Lair:2   | Reached skill level 10 in Conjurations
 23667 | Lair:2   | Noticed a four-headed hydra
 23677 | Lair:2   | Killed a four-headed hydra
 25850 | Lair:4   | Noticed a death yak
 25850 | Lair:4   | Noticed a death yak
 25855 | Lair:4   | Noticed a death yak
 25858 | Lair:4   | Noticed a death yak
 25859 | Lair:4   | Noticed a death yak
 25863 | Lair:3   | Killed a death yak
 25871 | Lair:3   | Killed a death yak
 25980 | Lair:4   | Noticed a seven-headed hydra
 25982 | Lair:4   | Noticed a seven-headed hydra
 25982 | Lair:4   | Noticed a death yak
 27341 | Lair:4   | Reached XP level 13. HP: 114/114 MP: 25/26
 27468 | Lair:4   | Reached skill level 10 in Spellcasting
 28528 | Lair:4   | Reached skill level 11 in Fighting
 29432 | Lair:5   | Learned a level 6 spell: Bolt of Fire
 30412 | Lair:5   | Found a staircase to the Slime Pits.
 31018 | Lair:6   | Entered Level 6 of the Lair of Beasts
 32614 | Lair:6   | Reached XP level 14. HP: 125/125 MP: 14/28
 33987 | Lair:6   | Reached skill level 12 in Fighting
 35035 | Orc:1    | Entered Level 1 of the Orcish Mines
 35568 | Orc:1    | Found a roughly hewn altar of Beogh.
 35986 | Orc:1    | Offered knowledge of Spellforged Servitor by Vehumet.
 36256 | Orc:1    | Noticed a stone giant
 36269 | Orc:1    | Killed a stone giant
 36530 | Orc:1    | Got an encrusted halberd
 36563 | Orc:1    | Identified the +4 halberd of the Equator {drain, rN+ Str+3} (You found it on level 1 of the Orcish Mines)
 36689 | Orc:1    | Got a clouded tin ring
 36691 | Orc:1    | Identified the ring "Caeff" {Dex+3 Slay+2} (You found it on level 1 of the Orcish Mines)
 37476 | Orc:1    | Found Gudas's Jewellery Shop.
 37515 | Orc:2    | Entered Level 2 of the Orcish Mines
 38029 | Orc:2    | Reached skill level 10 in Shields
 38112 | Orc:2    | Found Opoibli's General Store.
 38560 | Orc:2    | Found Posa's General Store.
 39342 | Orc:2    | Bought a scroll of identify for 20 gold pieces
 39342 | Orc:2    | Bought a potion of curing for 30 gold pieces
 39342 | Orc:2    | Bought a scroll of blinking for 75 gold pieces
 39512 | Orc:2    | Gained mutation: You do not regenerate when monsters are visible. [a neqoxec]
 40478 | Orc:2    | Reached XP level 15. HP: 117/134 MP: 12/30
 40640 | Orc:2    | Found a staircase to the Elven Halls.
 40997 | Orc:2    | Found Fapso's Antique Weapon Boutique.
 40997 | Orc:2    | Found Sat Ifir's Book Shop.
 40997 | Orc:2    | Found a one-way gate leading to the halls of Pandemonium.
 41330 | D:12     | Reached XP level 16. HP: 141/141 MP: 31/31
 41595 | D:12     | Reached ****** piety under Vehumet
 41642 | D:12     | Offered knowledge of Irradiate by Vehumet.
 42575 | D:12     | Reached skill level 1 in Maces & Flails
 42888 | D:12     | Reached skill level 13 in Fighting
 42978 | D:12     | Learned a level 5 spell: Irradiate
 45873 | D:14     | Offered knowledge of Iron Shot by Vehumet.
 45960 | D:14     | Found a gate to the Vaults.
 47001 | D:14     | Found a portal to a secret trove of treasure.
 47039 | D:14     | Learned a level 2 spell: Blink
 47245 | D:13     | Learned a level 6 spell: Iron Shot
 47597 | D:15     | Entered Level 15 of the Dungeon
 47611 | D:15     | Noticed Sonja
 47613 | D:15     | Killed Sonja
 47705 | D:15     | Found a labyrinth entrance.
 47713 | Lab      | Entered a labyrinth
 49100 | D:15     | Found a staircase to the Depths.
 49368 | D:15     | Noticed Rupert
 49372 | D:15     | Killed Rupert
 49844 | D:15     | Upgraded the game from 0.21-a0-508-gf08a75f to 0.21-a0-509-gecc5317
 49988 | Snake:1  | Entered Level 1 of the Snake Pit
 50282 | Snake:1  | Reached XP level 17. HP: 151/151 MP: 19/33
 52049 | Snake:1  | Offered knowledge of Conjure Ball Lightning by Vehumet.
 52139 | Snake:1  | Reached skill level 5 in Earth Magic
 53206 | Snake:2  | Reached skill level 5 in Maces & Flails
 53563 | Snake:2  | Found Atuir's Armour Boutique.
 53873 | Snake:2  | Reached skill level 14 in Fighting
 56093 | Snake:4  | Entered Level 4 of the Snake Pit
 58130 | Snake:4  | Offered knowledge of Freezing Cloud by Vehumet.
 59727 | Snake:4  | Reached XP level 18. HP: 154/161 MP: 2/34
 61387 | Snake:4  | Offered knowledge of Bolt of Cold by Vehumet.
 62253 | Snake:4  | Got a serpentine rune of Zot
 63295 | Shoals:1 | Entered Level 1 of the Shoals
 63764 | Shoals:1 | Reached skill level 15 in Shields
 66695 | Shoals:3 | Reached skill level 15 in Fighting
 67279 | Shoals:3 | Found Ukke's General Store.
 67298 | Shoals:3 | Bought a potion of magic for 152 gold pieces
 68179 | Shoals:3 | Reached XP level 19. HP: 170/170 MP: 33/36
 68648 | Shoals:4 | Entered Level 4 of the Shoals
 68648 | Shoals:4 | Noticed Ilsuiw
 69458 | Shoals:3 | Offered knowledge of Lehudib's Crystal Spear by Vehumet.
 69458 | Shoals:3 | Offered knowledge of Fire Storm by Vehumet.
 69458 | Shoals:3 | Offered knowledge of Chain Lightning by Vehumet.
 69803 | Shoals:3 | Killed Ilsuiw
 72009 | Shoals:4 | Got a barnacled rune of Zot
 72186 | Shoals:4 | Found the cursed +14 obsidian axe {chop, +Fly SInv *Curse}
 72980 | Vaults:1 | Entered Level 1 of the Vaults
 73025 | Vaults:1 | Reached skill level 15 in Fire Magic
 73743 | Vaults:1 | Found Qepnaoj's Weapon Shoppe.
 73772 | Vaults:1 | Reached skill level 5 in Dodging
 74508 | Vaults:1 | Reached skill level 15 in Conjurations
 75843 | Vaults:2 | Reached XP level 20. HP: 180/180 MP: 7/38
 76434 | Vaults:2 | Found Tavyf's Food Boutique.
 76444 | Vaults:2 | Bought a bread ration for 70 gold pieces
 76444 | Vaults:2 | Bought a bread ration for 70 gold pieces
 76444 | Vaults:2 | Bought a bread ration for 70 gold pieces
 76444 | Vaults:2 | Bought a meat ration for 70 gold pieces
 76444 | Vaults:2 | Bought a bread ration for 70 gold pieces
 76444 | Vaults:2 | Bought a bread ration for 70 gold pieces
 76444 | Vaults:2 | Bought a royal jelly for 28 gold pieces
 76444 | Vaults:2 | Bought a meat ration for 70 gold pieces
 76444 | Vaults:2 | Bought a royal jelly for 28 gold pieces
 76444 | Vaults:2 | Bought a bread ration for 70 gold pieces
 76771 | Vaults:2 | Reached skill level 16 in Fighting
 77363 | Vaults:2 | Reached skill level 10 in Maces & Flails
 77618 | Vaults:3 | Found a ruined gateway.
 77631 | Desolati | Entered the Desolation of Salt
 78669 | Vaults:3 | Noticed Saint Roka
 78910 | Vaults:3 | Killed Saint Roka
 80053 | Vaults:3 | Found a staircase to the Crypt.
 80053 | Vaults:3 | Found an ancient bone altar of Kikubaaqudgha.
 80055 | Vaults:3 | Found a basalt altar of Yredelemnul.
 81725 | Vaults:4 | Reached XP level 21. HP: 91/189 MP: 3/39
 84130 | Vaults:4 | Reached skill level 15 in Spellcasting
 85049 | Vaults:4 | Found Siedaf's Book Boutique.
 85071 | Vaults:4 | Found Baat's General Store.
 85081 | Vaults:4 | Bought a potion of haste for 130 gold pieces
 85090 | Vaults:4 | Found Douba's Armour Boutique.
 85803 | Elf:1    | Entered Level 1 of the Elven Halls
 86675 | Depths:1 | Entered Level 1 of the Depths
 86721 | Depths:1 | Reached skill level 17 in Fighting
 87292 | Depths:1 | Found Veiqus's Elemental Accessories.
 87350 | Depths:1 | Identified a scroll of acquirement
 87355 | Depths:1 | Got a dazzling scarf
 87366 | Depths:1 | Identified the scarf of Listlessness {-Cast rF+++ Str+3 Stlth-} (You acquired it on level 1 of the Depths)
 87375 | Depths:1 | Found a gateway to Hell.
 87912 | Depths:1 | Found a one-way gate to the infinite horrors of the Abyss.
 89896 | Depths:2 | Reached XP level 22. HP: 126/200 MP: 0/41
 89930 | Depths:2 | HP: 8/200 [quicksilver dragon (shapeshifter)/bolt of dispelling energy (15)]
 89931 | Depths:2 | Mangled by a quicksilver dragon (shapeshifter)

Vault maps used:
D:1:      matt_arrival_los_fun
D:2:      okawaru_gym_becter
D:3:      first_bread, uniq_terence
D:4:      grunt_dithmenos_smoke
D:5:      basic_altar
D:6:      hangedman_cross_stitches, minmay_temple_entry_glassed_door,
          serial_shops, kennysheep_mini
D:7:      nicolae_gozag_seed_capital, gammafunk_temple_overflow_statue,
          nicolae_overflow_crystal_walls
D:8:      corexii_shantytown
D:9:      minmay_the_grid_triangle_9x9_recursive_2_mashed, david_orc_3
D:10:     grunt_tengu_nest, uniq_joseph
D:11:     due_lair_maze_entry_diamond, serial_shops, nicolae_shop_behind_doors,
          portal_ice_cave_entry_pillars_1, uniq_josephine
D:13:     spider_trap
D:14:     lightli_vaults_fourway_checkpoint, enter_trove_3
D:15:     grunt_enter_depths_snipers, lab_entry_generic, uniq_sonja, uniq_rupert
Temple:   dpeg_five_rooms_temple
Lair:2:   minmay_shoals_entry_hut, minmay_snake_entry_spellcaster, st_stairs_7,
          uniq_erica
Lair:3:   lemuel_fruit_fields
Lair:5:   minmay_slime_entry_oklob_open
Lair:6:   hangedman_lair_caniforms_friends, wormcave, serial_bayou_shore_b,
          lemuel_fruit_fields, lemuel_fruit_fields, lemuel_fruit_tree
Shoals:3: serial_shops, nicolae_shop_temple_entry_statues_fountains
Shoals:4: shoals_end_simple, shoal_ilsuiw, nicolae_shoals_dead_sea_scrolls
Snake:2:  serial_shops, nicolae_shop_behind_doors, nicolae_snake_double_loop,
          spider_trap
Snake:3:  serial_bayou_shore_b
Snake:4:  grunt_snake_rune_spirals, grunt_ministairs_13, spider_trap,
          nrook_guardian_serpent_double
Orc:1:    giant_chief_lemuel, serial_shops, nicolae_shop_behind_doors,
          basic_altar, mines2_david
Orc:2:    pf_orc_diabolical
Elf:1:    serial_shops, shop_fountains, infiniplex_enter_wizlab_glasses,
          hangedman_corner_corridor
Vaults:1: vaults_room_semicircle, nicolae_vaults_stairing_the_circle,
          nicolae_vaults_yaktaur_gun_rack, v_misc_3, vaults_room_ringed_pool,
          nicolae_vaults_little_squares_1, v_rooms_6, v_misc_24,
          vaults_mumra_chevron, nicolae_vaults_shelves_hall,
          nicolae_vaults_network_periphery, serial_shops, shop
Vaults:2: vaults_room_guarded_vault, vaults_standard_mumra_x,
          nicolae_vaults_ring_of_whatevers, hangedman_vaults_stream,
          vaults_room_pools, dpeg_vaults_monster_box,
          ontoclasm_vaults_loading_screen, nicolae_vaults_alarming,
          serial_shops, shop
Vaults:3: v_misc_9, minmay_crypt_entry_necro_gods, v_misc_23, v_misc_14,
          v_alt_pattern_3, vaults_dpeg_hooks, vaults_dpeg_ring,
          portal_desolation_entry_ruin, uniq_saint_roka
Vaults:4: v_rooms_2, v_misc_26, nicolae_vaults_three_branches,
          nicolae_vaults_network_s, grunt_vaults_focal, v_alt_pattern_2,
          vaults_standard_mumra_lines, hangedman_vaults_hard_town_square,
          ontoclasm_vaults_ligature, vaults_room_pools
Depths:1: hangedman_abyss_entry_splay, hangedman_coc_ice_floe,
          nicolae_water_bricks, grunt_pan_entry_zigzag, nicolae_elemental_shop
Depths:2: hangedman_crystal_crosses_colossus, hell_entry, serial_shops
Lab:      nicolae_lab_flowing_pool, labyrinth_skeletal_remains, lab_fountain,
          nicolae_lab_lava

Skill      XL: |  1  2  3  4  5  6  7  8  9 10 11 12 13 14 15 16 17 18 19 20 21 |
---------------+----------------------------------------------------------------+-----
Conjurations   | 2 3 4 5 7 8 9 10 11 12 13 14 15 16 | 16.5
Spellcasting   | 3 4 5 6 8 9 10 11 12 13 14 15 | 15.4
Fire Magic     | 4 5 6 7 9 10 11 12 13 14 15 16 | 16.7
Fighting       | 1 2 4 6 8 9 10 11 12 13 14 15 16 17 | 17.4
Shields        | 1 2 4 5 7 9 10 11 13 14 15 | 15.0
Earth Magic    | 4 7 8 9 |  9.0
Maces & Flails | 4 6 8 9 11 12 | 12.0
Dodging        | 3 5 7 9 |  9.3
Stealth        | |  1.7

Action                   |  1- 3 |  4- 6 |  7- 9 | 10-12 | 13-15 | 16-18 | 19-21 | 22-24 || total
-------------------------+-------+-------+-------+-------+-------+-------+-------+-------++-------
Melee: Club              |    20 |       |       |       |       |       |       |       ||    20
       Dagger            |    25 |       |       |       |       |       |       |       ||    25
       Tailslap          |     3 |     3 |     5 |    16 |    26 |    99 |    37 |       ||   189
       Whip              |       |    20 |       |       |       |       |       |       ||    20
       Short sword       |       |       |    65 |       |       |       |       |       ||    65
       Spear             |       |       |    46 |   182 |   168 |       |       |       ||   396
       Morningstar       |       |       |       |    14 |       |       |       |       ||    14
       Halberd           |       |       |       |       |    55 |       |       |       ||    55
       Demon whip        |       |       |       |       |    31 |   495 |   253 |       ||   779
       Staff             |       |       |       |       |       |    29 |    10 |       ||    39
 Cast: Flame Tongue      |    53 |    90 |   161 |   311 |     2 |       |       |       ||   617
       Throw Flame       |    20 |    52 |    97 |   171 |   280 |   151 |    37 |       ||   808
       Sticky Flame      |       |       |    27 |   135 |   169 |    60 |    56 |     1 ||   448
       Dazzling Spray    |       |       |     2 |     8 |       |       |       |       ||    10
       Conjure Flame     |       |       |     7 |    13 |    12 |     5 |     4 |       ||    41
       Fireball          |       |       |       |    20 |    50 |    76 |   108 |       ||   254
       Orb of Destructio |       |       |       |     3 |    16 |     4 |       |       ||    23
       Bolt of Fire      |       |       |       |       |    97 |   626 |   741 |     2 ||  1466
       Iron Shot         |       |       |       |       |       |    42 |    42 |       ||    84
       Irradiate         |       |       |       |       |       |     4 |    18 |       ||    22
  Use: Scroll            |       |     5 |     8 |    11 |    12 |    26 |    17 |       ||    79
       Potion            |       |       |       |     5 |     7 |    11 |     7 |       ||    30
 Stab: Sleeping          |       |       |       |     1 |       |       |     1 |       ||     2
  Eat: Chunk             |     7 |    12 |    17 |    24 |    68 |    77 |    55 |       ||   260
       Fruit             |       |       |     2 |     2 |     3 |    20 |     7 |       ||    34
       Bread ration      |       |       |     2 |     3 |     1 |     2 |     1 |       ||     9
       Meat ration       |       |       |       |     4 |     3 |     3 |     9 |       ||    19
       Royal jelly       |       |       |       |       |     3 |    12 |     1 |       ||    16
Armor: Skin              |    18 |    20 |   102 |   232 |   212 |   254 |   153 |     5 ||   996
Dodge: Dodged            |    50 |    46 |    94 |   191 |   228 |   256 |   222 |    11 ||  1098
Block: Buckler           |       |     3 |    22 |    15 |       |       |       |       ||    40
       Shield            |       |       |       |   204 |   228 |   580 |   393 |    12 ||  1417
       Reflection        |       |       |       |       |       |    21 |    17 |       ||    38

Table legend:
 A = Spawn XP
 B = Non-spawn XP
 C = Spawn XP percentage of total XP
 D = Spawn monster count
 E = Non-spawn monster count
 F = Spawn count percentage of total count
 G = Total turns spent on level
                    A         B        C        D         E        F      G
               +---------+---------+-------+---------+---------+-------+---------
         Total |       0 |  656221 |   0.0 |       0 |    1628 |   0.0 | 89931
               +---------+---------+-------+---------+---------+-------+---------
           D:1 |       0 |      56 |   0.0 |       0 |      29 |   0.0 |  1874
           D:2 |       0 |      76 |   0.0 |       0 |      16 |   0.0 |  1444
           D:3 |       0 |     164 |   0.0 |       0 |      32 |   0.0 |  1749
           D:4 |       0 |     646 |   0.0 |       0 |      25 |   0.0 |  1555
           D:5 |       0 |     634 |   0.0 |       0 |      13 |   0.0 |  1218
           D:6 |       0 |     784 |   0.0 |       0 |      18 |   0.0 |  1484
           D:7 |       0 |    1780 |   0.0 |       0 |      23 |   0.0 |  2237
           D:8 |       0 |    3034 |   0.0 |       0 |      63 |   0.0 |  2990
           D:9 |       0 |    4611 |   0.0 |       0 |      43 |   0.0 |  2294
          D:10 |       0 |    4591 |   0.0 |       0 |      25 |   0.0 |  1812
          D:11 |       0 |    5184 |   0.0 |       0 |      51 |   0.0 |  2283
          D:12 |       0 |    5936 |   0.0 |       0 |      41 |   0.0 |  2095
          D:13 |       0 |   11673 |   0.0 |       0 |      42 |   0.0 |  2575
          D:14 |       0 |   21463 |   0.0 |       0 |      57 |   0.0 |  2004
          D:15 |       0 |   19298 |   0.0 |       0 |      37 |   0.0 |  1953
        Lair:1 |       0 |    1647 |   0.0 |       0 |       6 |   0.0 |  1194
        Lair:2 |       0 |    9181 |   0.0 |       0 |      26 |   0.0 |  3082
        Lair:3 |       0 |    6574 |   0.0 |       0 |      23 |   0.0 |  3139
        Lair:4 |       0 |   10327 |   0.0 |       0 |      27 |   0.0 |  2268
        Lair:5 |       0 |    6385 |   0.0 |       0 |      15 |   0.0 |  1427
        Lair:6 |       0 |   18547 |   0.0 |       0 |      89 |   0.0 |  3609
      Shoals:1 |       0 |   19299 |   0.0 |       0 |      36 |   0.0 |  2000
      Shoals:2 |       0 |    5911 |   0.0 |       0 |      13 |   0.0 |  1698
      Shoals:3 |       0 |   36985 |   0.0 |       0 |      68 |   0.0 |  3667
      Shoals:4 |       0 |   34353 |   0.0 |       0 |      62 |   0.0 |  2213
       Snake:1 |       0 |   16081 |   0.0 |       0 |      33 |   0.0 |  2862
       Snake:2 |       0 |   14275 |   0.0 |       0 |      26 |   0.0 |  1667
       Snake:3 |       0 |    6449 |   0.0 |       0 |      15 |   0.0 |  1833
       Snake:4 |       0 |   74706 |   0.0 |       0 |     130 |   0.0 |  6559
         Orc:1 |       0 |   14226 |   0.0 |       0 |      59 |   0.0 |  3680
         Orc:2 |       0 |   20314 |   0.0 |       0 |      72 |   0.0 |  3252
         Elf:1 |       0 |    1390 |   0.0 |       0 |       2 |   0.0 |    17
      Vaults:1 |       0 |   38087 |   0.0 |       0 |      66 |   0.0 |  2434
      Vaults:2 |       0 |   42015 |   0.0 |       0 |      58 |   0.0 |  2122
      Vaults:3 |       0 |   54742 |   0.0 |       0 |      93 |   0.0 |  3837
      Vaults:4 |       0 |   73378 |   0.0 |       0 |     102 |   0.0 |  3779
      Depths:1 |       0 |   31585 |   0.0 |       0 |      47 |   0.0 |  1790
      Depths:2 |       0 |   30590 |   0.0 |       0 |      23 |   0.0 |  1233
           Lab |       0 |    2307 |   0.0 |       0 |       7 |   0.0 |   602
    Desolation |       0 |    6937 |   0.0 |       0 |      15 |   0.0 |   142
               +---------+---------+-------+---------+---------+-------+---------
